 Dungeon Crawl Stone Soup version 0.27-a0-1456-gf5a116941d (webtiles) character file.

Game seed: 11019213461320128133

9469 mhtbhm the Cleaver (level 11, -7/94 HPs)
             Began as a Minotaur Fighter on July 5, 2021.
             Was a High Priest of Okawaru.
             Mangled by a death yak (15 damage)
             ... on level 9 of the Dungeon.
             The game lasted 00:12:19 (10421 turns).

mhtbhm the Cleaver (Minotaur Fighter)              Turns: 10421, Time: 00:12:20

Health: -7/94      AC: 12    Str: 30    XL:     11   Next: 23%
Magic:  23/23      EV:  9    Int:  2    God:    Okawaru [*****.]
Gold:   492        SH: 14    Dex: 12    Spells: 10/10 levels left

rFire    . . .     SeeInvis .   a - +0 war axe
rCold    + + .     Faith    .   c - +1 kite shield
rNeg     . . .     Spirit   .   b - +0 chain mail
rPois    .         Reflect  .   (helmet restricted)
rElec    .         Harm     .   C - scarf {repulsion}
rCorr    .         Rampage  .   B - +0 pair of gloves
Will     +....                  (no boots)
Stlth    ..........             (no amulet)
HPRegen  0.25/turn              k - +6 ring of strength
MPRegen  0.18/turn              u - ring of Red Wine {rC++ Will+ MP+9 Int-3 Dex+2}

@: studying Shields, repel missiles
A: horns 2, retaliatory headbutt
a: Renounce Religion, Heroism, Finesse


You were on level 9 of the Dungeon.
You worshipped Okawaru.
Okawaru was extremely pleased with you.
You visited 1 branch of the dungeon, and saw 10 of its levels.
You also visited: Sewer.

You collected 654 gold pieces.
You spent 162 gold pieces at shops.

Inventory:

Hand Weapons
 a - a +0 war axe (weapon)
Missiles
 n - 7 atropa-tipped darts (quivered)
 q - 2 throwing nets
Armour
 b - a +0 chain mail (worn)
 c - a +1 kite shield (worn)
 B - a +0 pair of gloves (worn)
 C - a scarf of repulsion (worn)
Jewellery
 i - a ring of flight
 k - a +6 ring of strength (left hand)
 u - the ring of Red Wine (right hand) {rC++ Will+ MP+9 Int-3 Dex+2}
   (You bought it in a shop on level 4 of the Dungeon)

   [ring of magical power]

   Int:       It affects your intelligence (-3).
   Dex:       It affects your dexterity (+2).
   rC:        It greatly protects you from cold.
   MP:        It affects your magic capacity (+9).
   Will:      It increases your willpower.
 E - an amulet of reflection
Wands
 v - a wand of charming (9)
Scrolls
 e - 2 scrolls of enchant armour
 f - 2 scrolls of immolation
 h - 4 scrolls of teleportation
 j - 2 scrolls of holy word
 l - 2 scrolls of fog
 o - a scroll of silence
 t - a scroll of fear {unknown}
 w - 5 scrolls of blinking
 x - a scroll of vulnerability {unknown}
 y - 2 scrolls of enchant weapon {unknown}
 D - a scroll of magic mapping {unknown}
Potions
 d - 6 potions of might
 g - 7 potions of brilliance
 m - 3 potions of haste
 p - a potion of degeneration {unknown}
 s - a potion of ambrosia
 z - a potion of mutation
 A - 4 potions of cancellation


   Skills:
 + Level 8.3 Fighting
 + Level 12.2 Axes
 + Level 9.5 Armour
 + Level 3.4 Dodging
 - Level 0.5 Stealth
 + Level 10.5 Shields
 * Level 5.6 Invocations
 + Level 2.0 Evocations


You had 10 spell levels left.
You didn't know any spells.
Your spell library contained the following spells:

 Spells                   Type           Power      Damage    Failure   Level
 Summon Small Mammal      Summ           0%         N/A       99%         1
 Slow                     Hex            0%         N/A       100%        2
 Sublimation of Blood     Necr           0%         N/A       100%        2
 Wereblood                Tmut           0%         N/A       100%        2
 Call Canine Familiar     Summ           0%         N/A       100%        3
 Confusing Touch          Hex            0%         N/A       100%        3
 Summon Guardian Golem    Hex/Summ       0%         N/A       100%        3
 Yara's Violent Unravell  Hex/Tmut       0%         3d3       100%        5
 Summon Hydra             Summ           0%         N/A       100%        7


Dungeon Overview and Level Annotations

Branches:
Dungeon (10/15)            Temple (0/1) D:4           Sewer (visited)
   Lair: D:8-11         Orc: D:9-12

Altars:
Cheibriados
Kikubaaqudgha
Okawaru
Vehumet

Shops:
D:4 *


Innate Abilities, Weirdness & Mutations

You have a pair of horns on your head.
You reflexively headbutt those who attack you in melee.


Message History

There is a stone staircase leading down here.
Unknown command.
You barely miss the death yak. You headbutt the death yak.
The death yak is lightly wounded.
You block the death yak's attack.
You slash the death yak!
You headbutt the death yak, but do no damage.
The death yak is moderately wounded.
The death yak gores you but does no damage.
You slice the death yak!!
You headbutt the death yak, but do no damage.
The death yak is heavily wounded.
The death yak gores you.
* * * LOW HITPOINT WARNING * * *
You hit the death yak but do no damage.
The death yak is heavily wounded.
You block the death yak's attack.
You hit the death yak.
The death yak is heavily wounded.
You block the death yak's attack.
You hit the death yak but do no damage.
You headbutt the death yak, but do no damage.
The death yak is heavily wounded.
The death yak gores you but does no damage.
You barely miss the death yak.
You headbutt the death yak, but do no damage.
The death yak is heavily wounded.
The death yak gores you!!
* * * LOW HITPOINT WARNING * * *
You hit the death yak but do no damage.
You headbutt the death yak, but do no damage.
The death yak is heavily wounded.
You block the death yak's attack.
You hit the death yak. You headbutt the death yak!
The death yak is severely wounded.
You block the death yak's attack.
You slash the death yak!
The death yak is severely wounded.
The death yak gores you!
You die...

..............##.........#
......###.##..#######....#
......# #.....##......####
......# ###...........# ..(####
#..#.......## #(.# ##.###.....#
#..# #.<#......# #..# #...Y..(..#
#..#########..##@....#
...............#.....###
#..###.................#
#).###.#........######.#
#)?##..#........'§§≈≈#.#########
#..##.##.)....(.#§§.≈#.........##
#.....##........#§>.§#..........#
...#####........#≈§§§#...........
......#########.######...........


You could see a death yak.

Vanquished Creatures
  Harold (D:9)
  A two-headed ogre (D:8)
  A death yak (D:10)
  Pikel (D:7)
  A cyclops (D:7)
  An ugly thing (D:8)
  A troll (D:7)
  A hornet (D:9)
  9 yaks
  A wraith (D:8)
  A wyvern (D:8)
  An acid dragon (D:9)
  A water moccasin (D:7)
  Purgy (Sewer)
  2 orc warriors
  A sky beast (D:6)
  2 necrophages
  2 ogres
  10 centaurs
  A lemure (D:7)
  2 phantoms
  2 wyvern zombies (D:6)
  5 bullfrogs
  5 scorpions
  A water moccasin skeleton (D:7)
  4 killer bees (D:9)
  3 wights (D:6)
  3 howler monkeys
  2 jellies (D:7)
  A bullfrog zombie (D:5)
  3 centaur zombies
  2 hounds
  5 orc priests
  A centaur skeleton (D:7)
  A bullfrog skeleton (D:5)
  5 iguanas
  Natasha (thrice) (D:4)
  7 orc wizards
  A killer bee zombie (D:9)
  A hound skeleton (D:5)
  A howler monkey zombie (D:7)
  14 gnolls
  8 adders
  4 river rats (D:5)
  An adder skeleton (D:4)
  An adder zombie (D:5)
  A worm (D:2)
  2 dart slugs
  18 orcs
  12 ball pythons
  12 bats
  8 endoplasms
  4 giant cockroaches
  7 goblins
  6 hobgoblins
  4 jackals
  4 quokkas
  2 frilled lizards
  9 kobolds
  13 rats
228 creatures vanquished.

Notes
Turn   | Place    | Note
-------+----------+-------------------------------------------
     0 | D:1      | mhtbhm the Minotaur Fighter began the quest for the Orb.
     0 | D:1      | Reached XP level 1. HP: 19/19 MP: 0/0
   265 | D:1      | Reached XP level 2. HP: 27/27 MP: 1/1
   844 | D:1      | Reached XP level 3. HP: 33/33 MP: 2/2
   888 | D:1      | Reached skill level 3 in Axes
  1621 | D:2      | Reached XP level 4. HP: 40/40 MP: 3/3
  1746 | D:2      | Reached skill level 1 in Dodging
  1789 | D:2      | Found a faded altar of an unknown god.
  2084 | D:3      | Reached XP level 5. HP: 43/46 MP: 4/4
  2085 | D:3      | Reached skill level 4 in Axes
  2200 | D:3      | Found an iron altar of Okawaru.
  2235 | D:3      | Became a worshipper of Warmaster Okawaru
  2609 | D:4      | Found Itwugupo's Assorted Antiques.
  2617 | D:4      | Bought a flickering granite ring for 90 gold pieces
  2617 | D:4      | Identified the ring of Red Wine {rC++ Will+ MP+9 Int-3
                  | Dex+2} (You bought it in a shop on level 4 of the Dungeon)
  2619 | D:4      | Bought a scroll of identify for 36 gold pieces
  2619 | D:4      | Bought a scroll of identify for 36 gold pieces
  2759 | D:4      | Noticed Natasha
  2762 | D:4      | Found a staircase to the Ecumenical Temple.
  2766 | D:4      | Killed Natasha
  2832 | D:4      | Reached skill level 5 in Shields
  3159 | D:4      | Reached skill level 5 in Axes
  3278 | D:4      | Noticed Natasha
  3293 | D:4      | Reached skill level 5 in Armour
  3293 | D:4      | Reached XP level 6. HP: 31/52 MP: 5/5
  3293 | D:4      | Killed Natasha
  3366 | D:4      | Noticed Natasha
  3372 | D:4      | Killed Natasha
  3590 | D:5      | Entered Level 5 of the Dungeon
  3610 | D:5      | Reached * piety under Okawaru
  3860 | D:5      | Reached XP level 7. HP: 59/60 MP: 6/6
  3862 | D:5      | Found a glowing drain.
  3865 | D:5      | Reached skill level 5 in Fighting
  3876 | D:5      | Reached skill level 6 in Axes
  3883 | Sewer    | Entered a sewer
  3956 | Sewer    | Noticed Purgy
  3962 | Sewer    | Killed Purgy
  4320 | D:5      | Found an ancient bone altar of Kikubaaqudgha.
  4400 | D:5      | Reached skill level 7 in Axes
  4724 | D:6      | Reached ** piety under Okawaru
  4726 | D:6      | Reached XP level 8. HP: 54/69 MP: 7/7
  5148 | D:6      | Reached skill level 8 in Axes
  5615 | D:6      | Reached *** piety under Okawaru
  5651 | D:6      | Reached XP level 9. HP: 18/78 MP: 8/8
  5694 | D:6      | Reached skill level 9 in Axes
  5694 | D:6      | Reached skill level 1 in Evocations
  6252 | D:7      | Found a snail-covered altar of Cheibriados.
  6372 | D:7      | Noticed Pikel
  6382 | D:7      | Killed Pikel
  6382 | D:7      | Reached **** piety under Okawaru
  6383 | D:7      | Reached skill level 1 in Invocations
  6707 | D:7      | Reached skill level 10 in Axes
  6794 | D:7      | Noticed a cyclops
  6807 | D:7      | Killed a cyclops
  6838 | D:7      | Noticed a troll
  6848 | D:7      | Killed a troll
  6849 | D:7      | Reached XP level 10. HP: 44/84 MP: 11/11
  7697 | D:8      | Noticed a cyan ugly thing
  7723 | D:8      | Killed a cyan ugly thing
  7723 | D:8      | Reached ***** piety under Okawaru
  8122 | D:8      | Reached skill level 11 in Axes
  8721 | D:8      | Noticed a two-headed ogre
  8729 | D:8      | Killed a two-headed ogre
  9118 | D:9      | Received a gift from Okawaru
  9402 | D:9      | Identified a scroll of acquirement
  9434 | D:9      | Acquired a manual of Shields
  9448 | D:9      | Reached skill level 5 in Invocations
  9682 | D:9      | Found a radiant altar of Vehumet.
  9709 | D:9      | Noticed Harold
  9717 | D:9      | Killed Harold
  9718 | D:9      | Reached skill level 12 in Axes
  9718 | D:9      | Reached skill level 10 in Shields
  9718 | D:9      | Reached XP level 11. HP: 69/94 MP: 14/14
 10292 | D:10     | Entered Level 10 of the Dungeon
 10383 | D:10     | Noticed a death yak
 10385 | D:10     | Noticed a death yak
 10386 | D:10     | Noticed a death yak
 10387 | D:10     | Noticed a death yak
 10388 | D:10     | Noticed a death yak
 10389 | D:10     | Noticed a death yak
 10390 | D:10     | Noticed a death yak
 10392 | D:10     | Noticed a death yak
 10396 | D:10     | Killed a death yak
 10421 | D:9      | Mangled by a death yak

Illustrated notes

Levels and vault maps discovered:
D:1:      amcnicky_arrival_choice, layout_basic, serial_park_tiny_pond
D:2:      minmay_razor_zed, layout_rooms, hellmonk_ecumenical_altar_blasted
D:3:      layout_rooms, amcnicky_altar_gilded, serial_glass, glass_columns_a,
          glass_columns_b, minmay_cupped
D:4:      wad_pebble_path, layout_basic, minmay_temple_entry_mini_moons,
          serial_shops, shop, uniq_natasha
D:5:      minmay_inner_zag, layout_basic, nicolae_kikubaaqudgha_miasma_corner,
          portal_sewer_entry_b
D:6:      layout_rooms, centaur_isle
D:7:      cheibrodos_barr_body, layout_cave_pools, lemuel_crystal_altar,
          serial_park, serial_park_tiny_2, serial_park_tiny_1, uniq_pikel
D:8:      layout_loops_corners, chequers_avenue
D:9:      layout_rooms, general_overflow_altar, uniq_harold
D:10:     layout_roguey, gammafunk_temple_overflow_elements, dpeg_lair_monsters,
          serial_shops, shop, special_room [special_room_orc], uniq_josephine

Skill      XL: |  1  2  3  4  5  6  7  8  9 10 |
---------------+-------------------------------+-----
Fighting       | 4 5 6 8 |  8.3
Shields        | 4 5 7 8 10 | 10.5
Axes           | 3 5 7 8 10 12 | 12.2
Armour         | 4 5 6 7 8 9 |  9.5
Dodging        | 1 2 3 |  3.4
Evocations     | 2 |  2.0
Invocations    | 3 5 |  5.6
Stealth        | |  0.5

Action                   |  1- 3 |  4- 6 |  7- 9 | 10-12 || total
-------------------------+-------+-------+-------+-------++-------
Melee: War axe           |   108 |   144 |   176 |   214 ||   642
       Headbutt          |    13 |    34 |    48 |    66 ||   161
Evoke: Wand              |       |       |    17 |       ||    17
  Use: Scroll            |     1 |     6 |     5 |     4 ||    16
       Potion            |       |       |       |     3 ||     3
Armor: Scale mail        |    57 |       |       |       ||    57
       Chain mail        |     4 |    70 |    81 |    72 ||   227
Dodge: Dodged            |    35 |    46 |    72 |    61 ||   214
       Repelled          |       |       |       |     1 ||     1
Block: Kite shield       |    61 |   101 |   161 |   156 ||   479

Table legend: (Time is in decaauts)
 A = Elapsed time spent in this place.
 B = Non-inter-level travel time spent in this place.
 C = Inter-level travel time spent in this place.
 D = Time resting spent in this place.
 E = Time spent auto-exploring this place.
 F = Levels seen in this place.
 G = Mean time per level.
                   A        B        C        D        E       F      G
               +--------+--------+--------+--------+--------+-----+--------+
         Total |  10607 |  10449 |    158 |   1463 |   6906 |  11 |  964.3 |
       Dungeon |  10464 |  10306 |    158 |   1463 |   6853 |  10 | 1046.4 |
         Sewer |    142 |    142 |      0 |      0 |     53 |   1 |  142.0 |
               +--------+--------+--------+--------+--------+-----+--------+

Top non-repeatable levels by time:
     D:8: 1808 daAuts
     D:6: 1387 daAuts
     D:9: 1386 daAuts
     D:1: 1153 daAuts
     D:7: 1063 daAuts
     D:4: 1000 daAuts
     D:5: 994 daAuts
     D:2: 963 daAuts
     D:3: 587 daAuts
   Sewer: 142 daAuts
    D:10: 118 daAuts
